 Dungeon Crawl Stone Soup version 0.22-a0-392-g5dc3fd9 (webtiles) character file.

41512 DrEnzyme the Blocker (level 13, -6/115 HPs)
             Began as a Minotaur Fighter on May 1, 2018.
             Was the Champion of Okawaru.
             Mangled by a harpy (17 damage)
             ... summoned by Kirke
             ... while paralysed by a sphinx
             ... on level 5 of the Lair of Beasts.
             The game lasted 01:42:46 (18892 turns).

DrEnzyme the Blocker (Minotaur Fighter)            Turns: 18892, Time: 01:42:46

Health: -6/115     AC:  0    Str: 24    XL:     13   Next: 80%
Magic:  14/14      EV:  3    Int:  5    God:    Okawaru [******]
Gold:   358        SH:  0    Dex: 12    Spells: 15/15 levels left

rFire    . . .     SeeInvis .     - Unarmed
rCold    . . .     Gourm    .   (shield currently unavailable)
rNeg     . . .     Faith    .   (armour currently unavailable)
rPois    .         Spirit   .   (helmet currently unavailable)
rElec    .         Reflect  +   (cloak currently unavailable)
rCorr    .         Harm     .   (gloves currently unavailable)
MR       .....                  (boots currently unavailable)
Stlth    ++........             Y - +2 amulet of reflection
HPRegen  0.29/turn              (ring currently unavailable)
MPRegen  0.14/turn              (ring currently unavailable)

@: paralysed, pig-form, very slightly contaminated, slowed, very quick
A: small, (retaliatory headbutt), MP-powered wands
a: Heroism, Finesse, Renounce Religion


You were on level 5 of the Lair of Beasts.
You worshipped Okawaru.
Okawaru was exalted by your worship.
You were not hungry.
You were a filthy swine.
You visited 2 branches of the dungeon, and saw 16 of its levels.
You also visited: Sewer and Ice Cave.

You collected 746 gold pieces.
You spent 388 gold pieces at shops.

Inventory:

Hand Weapons
 a - a +2 long sword of flaming
 s - the +6 fustibalus "Dynoinot" {flame, rF+ rN+}
   (You found it on level 5 of the Lair of Beasts)

   It causes projectiles fired from it to burn those they strike, causing extra
   injury to most foes and up to half again as much damage against particularly
   susceptible opponents.
   It protects you from fire.
   It protects you from negative energy.
 u - the +7 lajatang "Nunutt" (melded) {drain, +Inv MP+9 Str+7}
   (You found it on level 4 of the Lair of Beasts)

   A truly terrible weapon, it drains the life of those it strikes.
   It affects your strength (+7).
   It affects your magic capacity (+9).
   It lets you turn invisible.
 E - a +3 scimitar of flaming
 Z - the +1 hunting sling "Ihiushaa" {speed, rC+ Dex+6}
   (You found it on level 3 of the Lair of Beasts)

   Attacks with this weapon are significantly faster.
   It affects your dexterity (+6).
   It protects you from cold.
Missiles
 n - 4 poisoned javelins
 y - 11 javelins (quivered)
 P - 5 throwing nets
Armour
 c - a +0 shield
 e - a +2 ring mail of fire resistance
 m - a +0 pair of gloves (melded)
 o - a +2 hat (melded)
 F - a +2 ring mail of magic resistance
 R - a +3 plate armour of poison resistance (melded)
 T - a +2 pair of boots of running (melded)
Jewellery
 v - an uncursed ring of magical power
 H - a ring of ice (melded)
 I - a +5 ring of strength (melded)
 X - an uncursed ring of positive energy
 Y - a +2 amulet of reflection (around neck)
Wands
 q - a wand of polymorph (11)
 L - a wand of flame (51)
 M - a wand of acid (9)
 S - a wand of iceblast (22)
Scrolls
 g - 2 scrolls of immolation
 k - 5 scrolls of identify
 r - 8 scrolls of fog
 w - 6 scrolls of teleportation
 z - 9 scrolls of remove curse
 C - 5 scrolls of amnesia
 G - 2 scrolls of blinking
 K - 3 scrolls of fear
 W - a scroll of holy word
Potions
 b - a potion of magic
 d - 3 potions of might
 h - 2 potions of heal wounds
 i - 4 potions of curing
 j - 3 potions of berserk rage
 l - 4 potions of brilliance
 p - 3 potions of agility
 t - a potion of mutation
 x - 6 potions of flight
 A - a potion of resistance
 B - 6 potions of lignification
 D - 4 potions of ambrosia
Comestibles
 f - 26 rations


   Skills:
 + Level 10.8 Fighting
 - Level 13.4 Long Blades
 * Level 6.4 Staves
 + Level 6.1 Throwing
 + Level 10.8 Armour
 + Level 8.0 Dodging
 + Level 4.2 Stealth
 + Level 14.1 Shields
 + Level 2.4 Unarmed Combat
 + Level 1.5 Spellcasting
 + Level 2.2 Invocations
 + Level 3.4 Evocations


You had 15 spell levels left.
You didn't know any spells.

Dungeon Overview and Level Annotations

Branches:
Dungeon (11/15)            Temple (0/1) D:5            Lair (5/6) D:8
  Swamp (0/4) Lair:4        Snake (0/4) Lair:2        Slime (0/5) Lair:5
    Orc (0/2) D:10

Altars:
Dithmenos
Elyvilon
Fedhas
Gozag
Kikubaaqudgha
Makhleb
Okawaru
Qazlal
Trog
Vehumet
Xom
Yredelemnul
Beogh

Shops:
D:5 [   D:9 **!!}

Annotations:
D:10 exclusion: door
D:11 exclusion: upstairs
Lair:2 exclusions: downstairs and 2 oklob plants
Lair:5 Kirke


Innate Abilities, Weirdness & Mutations

((You reflexively headbutt those who attack you in melee.))
((You have a pair of horns on your head.))
((You are resistant to electric shocks. (rElec)))
You expend magic power (3 MP) to strengthen your wands.


Message History

Your +0 pair of gloves melds into your body.
Your +2 pair of boots of running melds into your body.
Your +3 plate armour of poison resistance melds into your body.
Your +5 ring of strength melds into your body.
Your ring of ice melds into your body.
You feel rather sluggish.
You no longer feel resistant to poison.
You feel weaker. The harpy claws you!
* * * LOW HITPOINT WARNING * * *
The harpy claws you.
* * * LOW HITPOINT WARNING * * *
The harpy claws you.
* * * LOW HITPOINT WARNING * * *
The harpy claws you!
* * * LOW HITPOINT WARNING * * *
The harpy claws you.
* * * LOW HITPOINT WARNING * * *
The harpy barely misses you. The harpy claws you!
You die...

#.#### ## #.#.#### ####### ##
.###.H.P#.###.##..##### #.#
.#.#...............#.P##...
..†...≈≈≈≈≈.{.....P..P.P..PP
......≈♣♣♣≈..H............P≈
..H...≈♣ ♣≈...............PPP.
......≈♣♣♣≈......H.....#..P.PP.
......≈H≈≈≈.....h.......##...P..
#..#............H†.(....#....#...
.##.....H........<†....##........
###.............†................
#.................#..............
...............†.###.........#...
........................)........
....................>............
#................##P..........†..


You could see a sphinx and 2 harpies.

Vanquished Creatures
  Harold (Lair:1)
  6 hydras
  5 two-headed ogres
  Erica (Lair:1)
  3 death yaks (Lair:3)
  Urug (Lair:4)
  Nergalle (Lair:4)
  The ghost of busb the Martial Artist, a novice OpWn of Ru (D:6)
  An unseen horror (D:10)
  2 ugly things (IceCv)
  A black mamba (Lair:3)
  2 rust devils (D:10)
  3 elephants (Lair:5)
  A spiny frog (Lair:5)
  A gargoyle (D:8)
  2 komodo dragons (Lair:3)
  A kobold demonologist (D:11)
  A rime drake (Lair:2)
  2 ice devils (Lair:4)
  3 polar bears
  A hornet (D:11)
  Prince Ribbit (D:8)
  9 hippogriffs
  3 slime creatures (Lair:5)
  5 blink frogs (Lair:2)
  4 wyverns
  3 hogs (Lair:5)
  Sigmund (D:3)
  20 yaks
  2 basilisks (Lair:3)
  3 hungry ghosts
  A soldier ant (D:11)
  8 porcupines
  6 water moccasins
  11 ice beasts
  3 orc warriors
  3 sky beasts
  2 black bears
  A necrophage (D:9)
  4 phantoms
  8 ogres
  5 wolves (Lair:4)
  11 centaurs
  14 crocodiles
  5 big kobolds
  15 bullfrogs
  3 scorpions
  15 killer bees (D:9)
  4 wights (D:11)
  5 crimson imps
  5 bullfrog zombies
  4 hounds
  3 jellies
  2 bullfrog skeletons (D:6)
  3 orc priests (D:10)
  6 orc wizards
  2 centaur skeletons
  4 iguanas
  10 worker ants
  2 hound skeletons
  Robin (D:3)
  6 gnolls
  A howler monkey skeleton (D:4)
  7 adders
  5 river rats
  4 shadow imps
  2 oozes
  5 adder zombies
  8 worms
  5 leopard geckos
  32 orcs
  7 giant cockroaches
  15 goblins
  12 hobgoblins
  4 quokkas
  10 ball pythons
  7 bats
  4 frilled lizards
  A giant cockroach zombie (D:6)
  2 goblin zombies (D:10)
  24 kobolds
  A kobold skeleton (D:10)
  2 leopard gecko skeletons
  A quokka zombie (D:6)
  10 rats
  3 fungi
  A plant (Lair:2)
436 creatures vanquished.

Vanquished Creatures (others)
  A human (D:10)
  4 fungi
  2 plants
7 creatures vanquished.

Grand Total: 443 creatures vanquished

Notes
Turn   | Place    | Note
-------+----------+-------------------------------------------
     0 | D:1      | DrEnzyme the Minotaur Fighter began the quest for the Orb.
     0 | D:1      | Reached XP level 1. HP: 19/19 MP: 0/0
   231 | D:1      | Reached skill level 4 in Shields
   259 | D:1      | Reached XP level 2. HP: 25/27 MP: 1/1
   945 | D:2      | Reached XP level 3. HP: 12/33 MP: 2/2
  1275 | D:2      | Found a blossoming altar of Fedhas.
  1486 | D:2      | Found an iron altar of Okawaru.
  1486 | D:2      | Found a bloodstained altar of Trog.
  1486 | D:2      | Found a stormy altar of Qazlal.
  1505 | D:2      | Became a worshipper of Warmaster Okawaru
  1665 | D:2      | Found a basalt altar of Yredelemnul.
  1701 | D:2      | Reached XP level 4. HP: 40/40 MP: 3/3
  1730 | D:2      | Found a white marble altar of Elyvilon.
  1919 | D:2      | Reached skill level 1 in Dodging
  2110 | D:2      | Found a faded altar of an unknown god.
  2240 | D:3      | Noticed Robin
  2291 | D:3      | Noticed a phantom
  2359 | D:3      | Killed a phantom
  2359 | D:3      | Reached XP level 5. HP: 38/46 MP: 4/4
  2399 | D:3      | Found a glowing drain.
  2414 | Sewer    | Entered a sewer
  2422 | Sewer    | Reached skill level 5 in Shields
  2696 | Sewer    | Reached skill level 1 in Throwing
  2801 | Sewer    | Reached * piety under Okawaru
  2801 | Sewer    | Reached XP level 6. HP: 48/53 MP: 5/5
  3023 | Sewer    | Reached skill level 5 in Armour
  3275 | D:3      | Noticed Sigmund
  3282 | D:3      | Killed Sigmund
  3282 | D:3      | Reached ** piety under Okawaru
  3282 | D:3      | Reached skill level 5 in Long Blades
  3282 | D:3      | Reached skill level 6 in Shields
  3282 | D:3      | Reached XP level 7. HP: 45/60 MP: 6/6
  3434 | D:3      | Killed Robin
  3874 | D:4      | Reached skill level 5 in Fighting
  4405 | D:5      | Entered Level 5 of the Dungeon
  4435 | D:5      | Found a staircase to the Ecumenical Temple.
  5112 | D:5      | Found a shimmering altar of Xom.
  5213 | D:5      | Reached XP level 8. HP: 68/69 MP: 7/7
  5240 | D:5      | Reached skill level 7 in Shields
  5510 | D:5      | Reached skill level 1 in Evocations
  5618 | D:5      | Found Maroofik's Armour Shop.
  5854 | D:6      | Reached *** piety under Okawaru
  6066 | D:6      | Noticed busb's ghost (novice OpWn)
  6081 | D:6      | Killed busb's ghost
  6081 | D:6      | Reached **** piety under Okawaru
  6081 | D:6      | Reached skill level 8 in Shields
  6081 | D:6      | Reached XP level 9. HP: 49/78 MP: 8/8
  7122 | D:7      | Found an opulent altar of Gozag.
  7505 | D:8      | Found a shadowy altar of Dithmenos.
  7547 | D:8      | Noticed a gargoyle
  7556 | D:8      | Killed a gargoyle
  7589 | D:8      | Noticed Prince Ribbit
  7638 | D:8      | Killed Prince Ribbit
  7764 | D:8      | Noticed a two-headed ogre
  7772 | D:8      | Killed a two-headed ogre
  7772 | D:8      | Reached skill level 1 in Stealth
  7772 | D:8      | Reached skill level 9 in Shields
  7772 | D:8      | Reached XP level 10. HP: 32/86 MP: 10/10
  8051 | D:8      | Reached ***** piety under Okawaru
  8080 | D:8      | Found a blossoming altar of Fedhas.
  8080 | D:8      | Found an ancient bone altar of Kikubaaqudgha.
  8701 | D:8      | Found a staircase to the Lair.
  8849 | D:9      | Found Liolunt's General Store.
  8852 | D:9      | Bought a scroll of enchant armour for 97 gold pieces
  8852 | D:9      | Bought a scroll of enchant weapon for 97 gold pieces
  8852 | D:9      | Bought a throwing net for 39 gold pieces
  8944 | D:9      | Reached skill level 10 in Long Blades
  8944 | D:9      | Reached skill level 5 in Throwing
  8944 | D:9      | Reached skill level 5 in Dodging
  8944 | D:9      | Reached skill level 10 in Shields
  8944 | D:9      | Reached skill level 1 in Spellcasting
  8944 | D:9      | Reached XP level 11. HP: 93/93 MP: 10/12
  8961 | D:9      | Gained mutation: You expend magic power (3 MP) to strengthen your wands. [potion of mutation]
  8961 | D:9      | Gained mutation: You are resistant to electric shocks. (rElec) [potion of mutation]
  8970 | D:9      | Found Olai's Distillery.
  9030 | D:9      | Noticed a two-headed ogre
  9039 | D:9      | Killed a two-headed ogre
  9039 | D:9      | Received a gift from Okawaru
  9126 | D:9      | Found a burning altar of Makhleb.
  9126 | D:9      | Found a radiant altar of Vehumet.
  9210 | D:9      | Found an iron altar of Okawaru.
  9576 | D:9      | Noticed a two-headed ogre
  9586 | D:9      | Killed a two-headed ogre
  9586 | D:9      | Reached skill level 11 in Shields
  9746 | D:9      | Found Cuesk's Distillery.
  9791 | D:9      | Found Daseocsata's Gadget Shop.
 10154 | D:9      | Found Heehoer's Assorted Antiques.
 10174 | D:9      | Bought a copper ring for 155 gold pieces
 10393 | D:10     | Entered Level 10 of the Dungeon
 10438 | D:10     | Found a runed door.
 10455 | D:10     | Found a basalt altar of Yredelemnul.
 10560 | D:10     | Found a staircase to the Orcish Mines.
 11002 | D:10     | Killed an unseen horror
 11279 | D:10     | Found a roughly hewn altar of Beogh.
 12239 | D:11     | Received a gift from Okawaru
 12330 | D:11     | Noticed a two-headed ogre
 12340 | D:11     | Killed a two-headed ogre
 12340 | D:11     | Reached XP level 12. HP: 73/103 MP: 13/13
 12623 | D:11     | Noticed a two-headed ogre
 12650 | D:11     | Killed a two-headed ogre
 12940 | D:10     | Reached skill level 12 in Shields
 13774 | Lair:1   | Entered Level 1 of the Lair of Beasts
 13827 | Lair:1   | Noticed Erica
 13837 | Lair:1   | Killed Erica
 14071 | Lair:1   | Noticed Harold
 14094 | Lair:1   | Killed Harold
 14094 | Lair:1   | Received a gift from Okawaru
 14103 | Lair:1   | Identified a +2 pair of boots of running (Okawaru gifted it to you on level 1 of the Lair of Beasts)
 14476 | Lair:2   | Noticed a six-headed hydra
 14486 | Lair:2   | Killed a three-headed hydra
 14488 | Lair:2   | Reached ****** piety under Okawaru
 14838 | Lair:2   | Found a staircase to the Snake Pit.
 15528 | Lair:3   | Noticed a six-headed hydra
 15541 | Lair:2   | Killed a three-headed hydra
 16020 | Lair:3   | Noticed a death yak
 16020 | Lair:3   | Noticed a death yak
 16020 | Lair:3   | Noticed a death yak
 16036 | Lair:3   | Killed a death yak
 16036 | Lair:3   | Reached skill level 10 in Armour
 16036 | Lair:3   | Reached skill level 13 in Shields
 16050 | Lair:3   | Killed a death yak
 16060 | Lair:3   | Killed a death yak
 16171 | Lair:3   | Noticed a six-headed hydra
 16180 | Lair:3   | Killed a one-headed hydra
 16180 | Lair:3   | Reached skill level 10 in Fighting
 16180 | Lair:3   | Reached XP level 13. HP: 100/113 MP: 14/14
 16335 | Lair:3   | Got an ancient hunting sling
 16351 | Lair:3   | Identified the +1 hunting sling "Ihiushaa" {speed, rC+ Dex+6} (You found it on level 3 of the Lair of Beasts)
 16755 | Lair:4   | Found a staircase to the Swamp.
 16780 | Lair:4   | Found a frozen archway.
 16800 | Lair:4   | Received a gift from Okawaru
 16828 | IceCv    | Entered an ice cave
 16853 | IceCv    | Found a transporter.
 17371 | Lair:4   | Noticed Nergalle
 17389 | Lair:4   | Killed Nergalle
 17491 | Lair:4   | Noticed Urug
 17495 | Lair:4   | Killed Urug
 17647 | Lair:4   | Got a twisted lajatang
 17653 | Lair:4   | Identified the +7 lajatang "Nunutt" {drain, +Inv MP+9 Str+7} (You found it on level 4 of the Lair of Beasts)
 17772 | Lair:4   | Reached skill level 1 in Staves
 17864 | Lair:4   | Reached skill level 14 in Shields
 18410 | Lair:5   | Found a staircase to the Slime Pits.
 18450 | Lair:5   | Got an encrusted fustibalus
 18453 | Lair:5   | Identified the +6 fustibalus "Dynoinot" {flame, rF+ rN+} (You found it on level 5 of the Lair of Beasts)
 18715 | Lair:5   | Reached skill level 5 in Staves
 18827 | Lair:5   | Received a gift from Okawaru
 18855 | Lair:5   | Noticed Kirke
 18877 | Lair:5   | Noticed a sphinx
 18888 | Lair:5   | Paralysed by a sphinx for 6 turns
 18892 | Lair:5   | Mangled by a harpy

Vault maps used:
D:1:      eino_arrival_cavern_b, fountainhead
D:2:      kennysheep_ying_yang, gammafunk_temple_overflow_claw,
          chequers_ecumenical_altar_grove, fedhas_altar_3
D:3:      portal_sewer_entry_a, uniq_sigmund, uniq_robin
D:4:      first_ration
D:5:      old_standard_altar, minmay_temple_entry_statues_fountains,
          serial_shops, shop
D:6:      kennysheep_small_square
D:7:      grunt_gozag_breadcrumbs
D:8:      minmay_diamond_stairs, grunt_temple_overflow_growth_and_decay,
          nicolae_dithmenos_the_darkroom, uniq_prince_ribbit1
D:9:      grunt_temple_overflow_lords_of_destruction, basic_altar, serial_shops,
          nicolae_shop_behind_doors, shop, shop, nicolae_shop_trees,
          nicolae_shop_waterfront
D:10:     cheibrodos_iron_armory, minmay_orc_entry_temple_small,
          dk_yredelemnul_ordeal
D:11:     hangedman_pestilent_swarm, st_stairs_2
Lair:1:   uniq_harold, uniq_erica
Lair:2:   guppyfry_snake_entry_island, grunt_megastairs_2,
          minmay_lair_oklob_chamber
Lair:3:   beast_lair_carwin_7, serial_bayou_shore_b
Lair:4:   swamp_mist, portal_ice_cave_demonic_guard, lemuel_fruit_tree,
          infiniplex_staircase_pool_2, uniq_urug, uniq_nergalle
Lair:5:   minmay_slime_entry_pillars, nicolae_quartered_pool_super,
          grunt_forest_small_clearings, beast_lair_carwin_8, uniq_kirke
Sewer:    sewer_co_15_rooms
IceCv:    ice_cave_statue_garden_teleport

Skill      XL: |  1  2  3  4  5  6  7  8  9 10 11 12 13 |
---------------+----------------------------------------+-----
Shields        | 4 5 6 8 9 10 11 13 14 | 14.1
Fighting       | 4 5 6 7 8 10 | 10.8
Long Blades    | 3 4 5 6 8 9 10 11 13 | 13.4
Armour         | 4 5 6 7 8 9 10 | 10.8
Dodging        | 1 2 3 4 5 6 7 8 |  8.0
Throwing       | 1 2 4 5 6 |  6.1
Evocations     | 1 2 3 |  3.4
Stealth        | 1 2 4 |  4.2
Unarmed Combat | 2 |  2.4
Spellcasting   | 1 |  1.5
Invocations    | 2 |  2.2
Staves         | 6 |  6.4

Action                   |  1- 3 |  4- 6 |  7- 9 | 10-12 | 13-15 || total
-------------------------+-------+-------+-------+-------+-------++-------
Melee: Long sword        |    92 |   179 |   267 |   628 |   194 ||  1360
       Headbutt          |     7 |    30 |    56 |   167 |   108 ||   368
       Lajatang          |       |       |       |       |   108 ||   108
Throw: Javelin           |     6 |     6 |    38 |    35 |       ||    85
       Throwing net      |       |       |       |     1 |       ||     1
Evoke: Wand              |       |     1 |    10 |    20 |    10 ||    41
  Use: Scroll            |     4 |     5 |     7 |    13 |     6 ||    35
       Potion            |     2 |     1 |     1 |     8 |     3 ||    15
 Stab: Sleeping          |       |       |       |     2 |       ||     2
       Distracted        |       |       |       |       |     1 ||     1
  Eat: Chunk             |     2 |     1 |     3 |    10 |     2 ||    18
       Ration            |       |     2 |     3 |     6 |     2 ||    13
Armor: Scale mail        |    49 |       |       |       |       ||    49
       Plate armour      |     2 |   114 |    25 |       |   243 ||   384
       Ring mail         |       |       |    58 |   165 |    20 ||   243
       Skin              |       |       |       |       |     2 ||     2
Dodge: Dodged            |    41 |    26 |    67 |   224 |   201 ||   559
Block: Shield            |    51 |   100 |   131 |   360 |   167 ||   809
       Other             |       |       |       |       |    17 ||    17
       Reflection        |       |       |       |       |     4 ||     4
       Rpst.: Long sword |     9 |     7 |    23 |    56 |    17 ||   112

Table legend:
 A = Spawn XP
 B = Non-spawn XP
 C = Spawn XP percentage of total XP
 D = Spawn monster count
 E = Non-spawn monster count
 F = Spawn count percentage of total count
 G = Total turns spent on level
                    A         B        C        D         E        F      G
               +---------+---------+-------+---------+---------+-------+---------
         Total |       0 |   52788 |   0.0 |       0 |     432 |   0.0 | 18892
               +---------+---------+-------+---------+---------+-------+---------
           D:1 |       0 |      35 |   0.0 |       0 |      20 |   0.0 |  1134
           D:2 |       0 |      67 |   0.0 |       0 |      22 |   0.0 |  1031
           D:3 |       0 |     483 |   0.0 |       0 |      40 |   0.0 |   958
           D:4 |       0 |     283 |   0.0 |       0 |      14 |   0.0 |   651
           D:5 |       0 |     584 |   0.0 |       0 |      20 |   0.0 |  1340
           D:6 |       0 |    1517 |   0.0 |       0 |      14 |   0.0 |   970
           D:7 |       0 |     740 |   0.0 |       0 |      14 |   0.0 |   732
           D:8 |       0 |    2547 |   0.0 |       0 |      20 |   0.0 |  1407
           D:9 |       0 |    4340 |   0.0 |       0 |      49 |   0.0 |  1828
          D:10 |       0 |    3521 |   0.0 |       0 |      33 |   0.0 |  1590
          D:11 |       0 |    5636 |   0.0 |       0 |      46 |   0.0 |  1502
        Lair:1 |       0 |    2637 |   0.0 |       0 |       7 |   0.0 |   603
        Lair:2 |       0 |    4929 |   0.0 |       0 |      17 |   0.0 |  1484
        Lair:3 |       0 |    7466 |   0.0 |       0 |      26 |   0.0 |   892
        Lair:4 |       0 |    9208 |   0.0 |       0 |      32 |   0.0 |  1592
        Lair:5 |       0 |    6664 |   0.0 |       0 |      27 |   0.0 |   456
         Sewer |       0 |     301 |   0.0 |       0 |      23 |   0.0 |   631
         IceCv |       0 |    1830 |   0.0 |       0 |       8 |   0.0 |    91
               +---------+---------+-------+---------+---------+-------+---------
